Map: Port Aleksander LE

Players

Lambo - Winner!

  • Race: Zerg Zerg
  • Spawn Location: 5:00

IIIIIIIIIIII

  • Race: Protoss Protoss
  • League: Master
  • Spawn Location: 11:00

VOD

Have the link to the VOD?

Description

Time

  • Played on: Dec. 6, 2018, 8:21 a.m.
  • Length: 17:28
Show
View Real Time Build Order
Export as new Build Order

Lambo Zerg - Winner!

Build Orders: Hatch First 

Get SALT Encoding   

  12  0:01  Drone  
  13  0:12  Overlord  
  13  0:17  Drone  
  14  0:30  Drone  
  14  0:31  Drone  
  16  0:49  Hatchery  
  15  0:52  Drone  
  15  0:56  Drone  
  17  1:02  Drone  
  18  1:09  Extractor  
  17  1:17  Spawning Pool  
  16  1:19  Drone  
  16  1:22  Drone  
  18  1:32  Drone  
  19  1:41  Drone  
  20  1:51  Drone  
  22  2:10  Hatchery  
  22  2:14  Queen  
  22  2:15  Extractor  
  22  2:19  Metabolic Boost  
  23  2:22  Overlord  
  23  2:26  Hatchery  
  22  2:43  Zergling x6  
  25  2:52  Queen  
  25  2:56  Zergling x2  
  28  3:06  Overlord  
  28  3:17  Drone  
  29  3:22  Drone  
  29  3:26  Drone  
  29  3:27  Drone x2  
  32  3:28  Queen  
  34  3:35  Pneumatized Carapace  
  34  3:41  Evolution Chamber  
  33  3:46  Overlord  
  33  3:47  Drone  
  34  3:49  Drone  
  34  3:52  Drone  
  36  3:57  Drone  
  37  4:03  Overlord  
  37  4:04  Drone  
  37  4:08  Zerg Melee Weapons Level 1  
  40  4:13  Drone x3  
  40  4:14  Drone x2  
  40  4:15  Drone  
  44  4:24  Drone x3  
  44  4:25  Spore Crawler  
  44  4:28  Spore Crawler  
  45  4:33  Queen  
  45  4:36  Spore Crawler  
  46  4:41  Spore Crawler  
  46  4:43  Spore Crawler  
  46  4:45  Drone x2  
  46  4:50  Drone  
  46  4:51  Drone x2  
  48  4:53  Spore Crawler  
  48  4:55  Overlord  
  47  5:03  Drone x3  
  47  5:04  Drone  
  52  5:16  Drone x2, Hatchery  
  53  5:22  Overlord  
  53  5:28  Lair, Drone  
  54  5:29  Drone  
  55  5:36  Drone x3  
  55  5:38  Extractor  
  55  5:39  Extractor  
  55  5:40  Overlord  
  55  5:42  Zergling x6  
  58  5:47  Drone x2  
  58  5:48  Drone  
  58  5:49  Drone  
  62  5:50  Drone  
  60  6:01  Drone x2  
  60  6:02  Drone x3  
  65  6:05  Spore Crawler  
  65  6:07  Spore Crawler  
  65  6:12  Spore Crawler  
  65  6:13  Zerg Missile Weapons Level 1  
  65  6:15  Drone x2  
  65  6:16  Overlord  
  63  6:19  Overlord  
  63  6:20  Drone x2  
  63  6:27  Zergling x4  
  63  6:28  Zergling x2  
  63  6:29  Overlord  
  65  6:33  Drone  
  65  6:34  Drone, Hydralisk Den  
  66  6:40  Queen  
  66  6:42  Spore Crawler  
  66  6:43  Drone  
  66  6:45  Drone  
  67  6:48  Drone x2  
  67  6:51  Overlord  
  67  6:52  Drone x2  
  69  6:55  Drone  
  69  6:57  Extractor  
  69  6:59  Baneling Nest, Drone  
  69  7:01  Drone  
  70  7:02  Drone  
  70  7:03  Drone  
  70  7:05  Drone  
  70  7:07  Drone  
  74  7:11  Drone x3  
  77  7:20  Spore Crawler, Drone x3  
  77  7:21  Drone  
  77  7:24  Drone  
  77  7:25  Drone x2  
  77  7:29  Grooved Spines  
  79  7:32  Drone x2  
  79  7:33  Drone  
  81  7:37  Overlord  
  80  7:47  Drone x4  
  80  7:48  Drone  
  80  7:50  Extractor  
  84  7:52  Drone x2, Extractor  
  84  7:53  Drone x2, Hatchery  
  84  7:55  Overseer  
  84  7:58  Overseer  
  86  8:00  Evolution Chamber  
  86  8:01  Drone  
  86  8:02  Drone  
  87  8:08  Zerg Missile Weapons Level 2  
  87  8:12  Infestation Pit  
  87  8:17  Overlord  
  87  8:18  Spore Crawler x2  
  84  8:21  Spore Crawler, Hydralisk x3  
  84  8:22  Spore Crawler  
  84  8:23  Spore Crawler  
  84  8:25  Spore Crawler  
  86  8:28  Spore Crawler x2  
  86  8:30  Spore Crawler  
  81  8:37  Hydralisk, Spore Crawler  
  81  8:40  Muscular Augments  
  80  8:47  Overlord  
  80  8:48  Overlord  
  80  8:49  Overlord x2  
  80  8:50  Overlord x2  
  80  8:55  Pathogen Glands  
  80  8:56  Zerg Ground Armor Level 1  
  80  9:08  Spore Crawler  
  79  9:10  Overlord x2  
  79  9:11  Overlord  
  79  9:12  Queen  
  79  9:14  Centrifical Hooks  
  81  9:19  Hydralisk x2  
  81  9:21  Hydralisk  
  85  9:26  Hydralisk  
  85  9:28  Overlord  
  89  9:33  Hydralisk x3  
  89  9:35  Drone x2  
  89  9:36  Drone  
  96  9:43  Hydralisk x2  
  100  9:46  Queen  
  100  9:47  Drone  
  103  9:54  Baneling x7  
  103  9:59  Burrow  
  103  10:07  Overlord  
  103  10:11  Infestor  
  103  10:12  Infestor x5  
  115  10:16  Infestor  
  114  10:29  Infestor  
  116  10:36  Queen  
  116  10:41  Hatchery  
  116  10:42  Overlord x2  
  117  10:44  Hydralisk x3  
  117  10:45  Spore Crawler  
  117  10:47  Spore Crawler  
  117  10:48  Drone  
  117  10:49  Spore Crawler  
  121  10:50  Spore Crawler  
  121  10:53  Infestor  
  121  10:54  Infestor  
  124  11:03  Infestor  
  124  11:06  Infestor  
  124  11:08  Drone x9  
  135  11:16  Zerg Ground Armor Level 2  
  135  11:26  Overlord  
  135  11:28  Zerg Melee Weapons Level 2  
  135  11:30  Drone x7, Extractor  
  135  11:31  Extractor  
  140  11:44  Drone x3  
  140  11:45  Drone x3  
  140  11:46  Spore Crawler, Infestor x2  
  149  11:54  Hydralisk x3  
  155  12:06  Infestation Pit  
  154  12:09  Drone  
  154  12:10  Spore Crawler  
  154  12:13  Infestor  
  153  12:22  Hydralisk x2  
  153  12:23  Hydralisk x4  
  153  12:25  Overlord  
  153  12:29  Overlord x2  
  165  12:31  Overlord x2  
  165  12:32  Overseer  
  165  12:38  Overlord x2  
  151  13:00  Hydralisk x18  
  161  13:07  Hydralisk  
  161  13:08  Hydralisk x2  
  161  13:11  Drone x2  
  161  13:12  Drone x2  
  167  13:24  Neural Parasite  
  167  13:25  Infestor  
  169  13:27  Zergling x18, Hatchery  
  169  13:34  Infestor  
  177  13:35  Infestor  
  181  13:43  Zergling x16  
  181  13:47  Hydralisk  
  181  13:48  Hydralisk x4  
  199  13:56  Overlord  
  199  13:57  Overseer  
  199  13:58  Hive  
  199  14:04  Extractor  
  199  14:05  Extractor  
  199  14:07  Zergling x14  
  199  14:08  Zergling x4  
  185  14:18  Hydralisk x7  
  171  14:34  Hydralisk x9  
  173  14:39  Hydralisk x2  
  173  14:46  Hydralisk x3  
  173  14:47  Hydralisk  
  173  14:51  Hydralisk x2  
  174  14:54  Hydralisk  
  174  15:03  Hydralisk x3  
  174  15:04  Hydralisk  
  167  15:14  Hydralisk x5  
  167  15:20  Hydralisk x3  
  167  15:21  Zergling x2  
  180  15:26  Zergling x10  
  183  15:31  Zergling x2  
  183  15:32  Zergling x8  
  169  15:43  Infestor x3  
  169  15:48  Infestor  
  175  15:50  Zergling x18  
  178  16:05  Infestor x2  
  178  16:11  Infestor x5  
  181  16:19  Hatchery  
  180  16:28  Zergling x28  
  194  16:35  Overseer  
  194  16:44  Hydralisk x3  
  193  16:58  Hydralisk x6  
  199  17:05  Spire  
Show
View Real Time Build Order
Export as new Build Order

IIIIIIIIIIII Protoss 

Build Orders: Mass Phoenix 

Get SALT Encoding   

  12  0:00  Probe  
  13  0:13  Probe  
  14  0:20  Pylon  
  14  0:25  Probe  
  15  0:34  Probe  
  15  0:40  Forge  
  15  0:42  Probe  
  17  0:52  Probe  
  18  1:00  Gateway  
  18  1:04  Probe  
  18  1:06  Assimilator  
  19  1:32  Pylon  
  19  1:41  Probe  
  19  1:46  Pylon  
  20  1:51  Photon Cannon  
  21  1:54  Probe  
  21  1:56  Photon Cannon  
  21  1:58  Cybernetics Core  
  22  2:12  Nexus  
  21  2:16  Probe  
  21  2:21  Assimilator  
  22  2:28  Probe  
  23  2:36  Adept  
  23  2:37  Stargate  
  23  2:40  Probe  
  26  2:52  Probe  
  26  2:58  Pylon  
  27  3:04  Probe  
  29  3:10  Warp Gate  
  29  3:13  Void Ray  
  29  3:16  Probe  
  30  3:25  Probe  
  30  3:26  Probe  
  33  3:33  Probe  
  34  3:34  Probe  
  36  3:41  Probe  
  36  3:42  Probe  
  38  3:51  Void Ray  
  38  3:53  Probe  
  38  3:54  Probe, Pylon  
  44  4:05  Probe  
  44  4:09  Assimilator  
  45  4:11  Probe  
  45  4:12  Assimilator  
  45  4:16  Pylon  
  46  4:19  Probe  
  46  4:23  Probe  
  48  4:28  Stargate  
  48  4:31  Probe  
  49  4:35  Probe  
  49  4:36  Phoenix  
  52  4:39  Pylon  
  52  4:43  Probe  
  53  4:50  Probe  
  54  4:53  Phoenix  
  54  4:55  Probe  
  55  5:02  Pylon  
  53  5:08  Probe x2  
  53  5:11  Phoenix  
  53  5:13  Phoenix  
  57  5:15  Adept  
  61  5:28  Phoenix  
  61  5:30  Phoenix  
  61  5:32  Photon Cannon  
  61  5:40  Adept  
  67  5:48  Pylon  
  67  5:51  Phoenix  
  67  5:55  Phoenix  
  71  6:06  Nexus  
  71  6:16  Phoenix  
  73  6:19  Shield Battery  
  73  6:20  Phoenix  
  73  6:25  Adept  
  77  6:28  Pylon  
  77  6:31  Stargate  
  77  6:35  Probe x2  
  83  6:47  Probe x2  
  83  6:53  Void Ray x2  
  89  6:59  Adept  
  89  7:00  Shield Battery  
  91  7:02  Pylon  
  91  7:06  Probe x2  
  93  7:08  Assimilator  
  93  7:25  Probe x3  
  93  7:29  Assimilator  
  96  7:31  Phoenix  
  96  7:32  Phoenix x2  
  102  7:38  Adept  
  102  7:39  Probe x2  
  103  7:45  Protoss Air Weapons Level 1  
  103  7:48  Probe  
  103  7:51  Probe x2  
  106  7:54  Pylon, Phoenix  
  106  7:57  Pylon  
  106  7:58  Phoenix  
  106  7:59  Pylon  
  106  8:00  Phoenix  
  112  8:19  Phoenix  
  114  8:23  Phoenix  
  114  8:25  Phoenix  
  114  8:44  Phoenix  
  114  8:48  Void Ray  
  114  8:49  Void Ray  
  114  8:52  Probe x3  
  114  8:54  Pylon  
  121  8:55  Pylon  
  121  9:04  Fleet Beacon, Probe  
  122  9:20  Void Ray  
  122  9:21  Void Ray  
  122  9:22  Void Ray  
  128  9:36  Nexus  
  128  9:37  Pylon  
  128  9:38  Probe x2, Protoss Air Weapons Level 2  
  134  10:01  Pylon  
  134  10:02  Pylon  
  134  10:06  Photon Cannon, Shield Battery  
  134  10:08  Photon Cannon  
  134  10:09  Photon Cannon, Phoenix, Shield Battery  
  134  10:10  Phoenix x2  
  140  10:19  Adept  
  133  10:32  Phoenix x2  
  133  10:34  Probe x3, Phoenix  
  136  10:38  Photon Cannon  
  136  10:40  Photon Cannon  
  142  10:54  Probe x4, Phoenix  
  142  10:55  Phoenix  
  146  11:10  Tempest x3  
  161  11:29  Gateway  
  161  11:31  Gateway  
  161  11:34  Probe x4  
  165  11:40  Pylon  
  165  11:41  Twilight Council  
  165  12:09  Tempest x3  
  165  12:12  Assimilator x2  
  165  12:13  Photon Cannon  
  165  12:14  Pylon  
  180  12:17  Pylon  
  180  12:20  Templar Archives  
  180  12:21  Protoss Shields Level 1, Robotics Facility  
  180  12:28  Protoss Air Weapons Level 3  
  180  12:49  Tempest  
  180  12:51  Oracle  
  144  13:06  Tempest  
  129  13:19  Tempest  
  134  13:24  Tempest  
  144  13:34  Photon Cannon  
  144  13:35  Photon Cannon  
  144  13:36  Photon Cannon  
  144  13:38  Photon Cannon  
  144  13:40  Psionic Storm  
  144  13:44  Charge  
  144  13:45  Photon Cannon  
  144  13:48  Photon Cannon, Tempest  
  149  14:01  Tempest  
  154  14:07  Tempest  
  154  14:08  Adept x3  
  134  14:35  Tempest  
  129  14:41  Adept x3  
  129  14:44  Tempest  
  121  14:50  Tempest  
  118  15:06  Zealot  
  118  15:07  Zealot x2  
  120  15:21  Nexus  
  103  15:23  Tempest  
  103  15:27  Tempest  
  108  15:29  Zealot x3  
  108  15:38  Tempest  
  111  16:03  Oracle  
  106  16:05  Nexus  
  106  16:06  Tempest  
  106  16:11  Adept  
  106  16:26  High Templar x2  
  110  16:35  High Templar  
  112  16:46  Pylon  
  112  16:52  Nexus  
  108  17:13  Archon, Zealot x2  
  108  17:14  Zealot  
Tags
 
Composition
Mass Phoenix
League
Master
Matchup
PvZ
Player
Lambo
Spawn Locations
Cross Positions
Add a new tag
Caveats
  • Supply blocks, unpowered buildings, or Contaminate may cause inaccurate times.
  • Supply counts are checked every 10 seconds.